PCL
SANTA MONICA BRUINS @ SPOKANE TRAPPERS
08/03/2023
 
TOP OF THE 1ST
Santa Monica Bruins batting - Pitching for Spokane Trappers : RHP Tomás Molina
Pitching: RHP Tomás Molina
Batting: RHB Iván De Jesús 0-0: Foul Ball, location: 2F
0-1: Fly out, F9 (Flyball, 89M)
Batting: RHB Lorenzo Martínez 0-0: Ball
1-0: Swinging Strike
1-1: Ball
2-1: Called Strike
2-2: Foul Ball, location: 2F
2-2: Foul Ball, location: 2F
2-2: Ball
3-2: Strikes out swinging
Batting: LHB Patrick Osborne 0-0: Ball
1-0: Ball
2-0: Ball
3-0: Base on Balls
Batting: RHB Danny Crouch 0-0: Called Strike
Patrick Osborne steals 2nd base
0-1: Ball
1-1: Foul Ball, location: 2F
1-2: Ball
2-2: Ball
3-2: Strikes out swinging
Top of the 1st over - 0 run(s), 0 hit(s), 0 error(s), 1 left on base; Santa Monica 0 - Spokane 0
BOTTOM OF THE 1ST
Spokane Trappers batting - Pitching for Santa Monica Bruins : LHP Yasuyuki Ishii
Pitching: LHP Yasuyuki Ishii
Batting: RHB Zi-xing King 0-0: Ground out 4-3 (Groundball, 4S)
Batting: RHB Félix Tremblay 0-0: Ball
1-0: Fly out, F9 (Flyball, 9M)
Batting: RHB Ernesto Acosta 0-0: Ball
1-0: SOLO HOME RUN (Flyball, 7LD), Distance : 353 ft
Batting: LHB Juan Cortés 0-0: Ball
1-0: Ground out 1-3 (Groundball, 13)
Bottom of the 1st over - 1 run(s), 1 hit(s), 0 error(s), 0 left on base; Santa Monica 0 - Spokane 1
TOP OF THE 2ND
Santa Monica Bruins batting - Pitching for Spokane Trappers : RHP Tomás Molina
Batting: LHB Matsusuke Yamasaki 0-0: Ball
1-0: Swinging Strike
1-1: Fly out, F7 (Flyball, 7S)
Batting: RHB Javier Deleón 0-0: Ball
1-0: DOUBLE (Flyball, 78D)
Batting: RHB Mario Martínez 0-0: Called Strike
0-1: Foul Ball, location: 2F
0-2: Strikes out swinging
Batting: RHB Salvador Salas 0-0: Reached on error, E5 (Groundball, 56)
Javier Deleón to third
Batting: LHB Juan Sánchez 0-0: Ground out 4-3 (Groundball, 4)
Top of the 2nd over - 0 run(s), 1 hit(s), 1 error(s), 2 left on base; Santa Monica 0 - Spokane 1
BOTTOM OF THE 2ND
Spokane Trappers batting - Pitching for Santa Monica Bruins : LHP Yasuyuki Ishii
Batting: RHB Pedro Guzmán 0-0: Foul Ball, location: 2F
0-1: Ball
1-1: Ball
2-1: DOUBLE (Line Drive, 6MS)
Batting: RHB Ramiro Ross 0-0: Foul Ball, location: 2F
0-1: Foul Ball, location: 2F
0-2: Ball
1-2: Foul Ball, location: 2F
1-2: Strikes out swinging
Batting: RHB Mario Hernández 0-0: Ball
1-0: Swinging Strike
1-1: Foul Ball, location: 2F
1-2: Ball
2-2: Foul Ball, location: 2F
2-2: Foul Ball, location: 2F
2-2: Ground out 6-3 (Groundball, 6D)
Batting: RHB Clyde Kelley 0-0: Foul Ball, location: 2F
0-1: Ball
1-1: Fly out, F7 (Flyball, 78M)
Bottom of the 2nd over - 0 run(s), 1 hit(s), 0 error(s), 1 left on base; Santa Monica 0 - Spokane 1
TOP OF THE 3RD
Santa Monica Bruins batting - Pitching for Spokane Trappers : RHP Tomás Molina
Batting: RHB Iván De Jesús 0-0: Ball
1-0: SOLO HOME RUN (Flyball, 7D), Distance : 385 ft
Batting: RHB Lorenzo Martínez 0-0: Ball
1-0: Swinging Strike
1-1: Ball
2-1: Ball
3-1: Called Strike
3-2: Foul Ball, location: 2F
3-2: Strikes out swinging
Batting: LHB Patrick Osborne 0-0: Fly out, F7 (Flyball, 78S)
Batting: RHB Danny Crouch 0-0: Ball
1-0: Ball
2-0: Ball
3-0: Base on Balls
Batting: LHB Matsusuke Yamasaki 0-0: Called Strike
0-1: Called Strike
0-2: Ball
1-2: Ball
Danny Crouch steals 2nd base
2-2: Foul Ball, location: 2F
2-2: Ball
3-2: Strikes out looking
Top of the 3rd over - 1 run(s), 1 hit(s), 0 error(s), 1 left on base; Santa Monica 1 - Spokane 1
BOTTOM OF THE 3RD
Spokane Trappers batting - Pitching for Santa Monica Bruins : LHP Yasuyuki Ishii
Batting: RHB Guy Miller 0-0: Called Strike
0-1: Fly out, F8 (Flyball, 8RXD)
Batting: RHB Zi-xing King 0-0: Ball
1-0: Ball
2-0: Ball
3-0: Called Strike
3-1: Foul Ball, location: 2F
3-2: Foul Ball, location: 2F
3-2: Fly out, F3 (Popup, 3DF)
Batting: RHB Félix Tremblay 0-0: Foul Ball, location: 2F
0-1: Foul Ball, location: 2F
0-2: Ball
1-2: Foul Ball, location: 2F
1-2: Ball
2-2: Ball
3-2: Foul Ball, location: 2F
3-2: SINGLE (Groundball, 3)
Batting: RHB Ernesto Acosta 0-0: Ball
1-0: Ground out 6-3 (Groundball, 6MS)
Bottom of the 3rd over - 0 run(s), 1 hit(s), 0 error(s), 1 left on base; Santa Monica 1 - Spokane 1
TOP OF THE 4TH
Santa Monica Bruins batting - Pitching for Spokane Trappers : RHP Tomás Molina
Batting: RHB Javier Deleón 0-0: Swinging Strike
0-1: Ball
1-1: Ball
2-1: Ball
3-1: Foul Ball, location: 2F
3-2: Strikes out swinging
Batting: RHB Mario Martínez 0-0: Called Strike
0-1: Ball
1-1: Called Strike
1-2: Foul Ball, location: 2F
1-2: Strikes out swinging
Batting: RHB Salvador Salas 0-0: Called Strike
0-1: Called Strike
0-2: Ball
1-2: Ground out 4-3 (Groundball, 4)
Top of the 4th over - 0 run(s), 0 hit(s), 0 error(s), 0 left on base; Santa Monica 1 - Spokane 1
BOTTOM OF THE 4TH
Spokane Trappers batting - Pitching for Santa Monica Bruins : LHP Yasuyuki Ishii
Batting: LHB Juan Cortés 0-0: Called Strike
0-1: Ball
1-1: Swinging Strike
1-2: Foul Ball, location: 2F
1-2: Fly out, F7 (Flyball, 7LM)
Batting: RHB Pedro Guzmán 0-0: Fly out, F9 (Popup, 3D)
Batting: RHB Ramiro Ross 0-0: Foul Ball, location: 2F
0-1: SINGLE (Line Drive, 8LS)
Batting: RHB Mario Hernández 0-0: Called Strike
0-1: Fielders Choice at 2nd, U6 (Groundball, 6M)
Bottom of the 4th over - 0 run(s), 1 hit(s), 0 error(s), 1 left on base; Santa Monica 1 - Spokane 1
TOP OF THE 5TH
Santa Monica Bruins batting - Pitching for Spokane Trappers : RHP Tomás Molina
Batting: LHB Juan Sánchez 0-0: Ball
1-0: SINGLE (Flyball, 8LS)
Batting: RHB Iván De Jesús 0-0: Ball
1-0: Grounds into double play, 6-4-3 (Groundball, 6M)
Batting: RHB Lorenzo Martínez 0-0: Swinging Strike
0-1: Swinging Strike
0-2: Ball
1-2: Foul Ball, location: 2F
1-2: Foul Ball, location: 2F
1-2: Foul Ball, location: 2F
1-2: Ball
2-2: Strikes out swinging
Top of the 5th over - 0 run(s), 1 hit(s), 0 error(s), 0 left on base; Santa Monica 1 - Spokane 1
BOTTOM OF THE 5TH
Spokane Trappers batting - Pitching for Santa Monica Bruins : LHP Yasuyuki Ishii
Batting: RHB Clyde Kelley 0-0: Ground out U3 (Groundball, 3S)
Batting: RHB Guy Miller 0-0: Ball
1-0: Ball
2-0: Ball
3-0: Called Strike
3-1: Ground out 5-3 (Groundball, 56)
Batting: RHB Zi-xing King 0-0: Called Strike
0-1: Foul Ball, location: 2F
0-2: Fly out, F8 (Flyball, 8LM)
Bottom of the 5th over - 0 run(s), 0 hit(s), 0 error(s), 0 left on base; Santa Monica 1 - Spokane 1
TOP OF THE 6TH
Santa Monica Bruins batting - Pitching for Spokane Trappers : RHP Tomás Molina
Batting: LHB Patrick Osborne 0-0: Called Strike
0-1: Foul Ball, location: 2F
0-2: Foul Ball, location: 2F
0-2: Strikes out looking
Batting: RHB Danny Crouch 0-0: Called Strike
0-1: Swinging Strike
0-2: Ground out 6-3 (Groundball, 6M)
Batting: LHB Matsusuke Yamasaki 0-0: Swinging Strike
0-1: Foul Ball, location: 2F
0-2: Strikes out swinging
Top of the 6th over - 0 run(s), 0 hit(s), 0 error(s), 0 left on base; Santa Monica 1 - Spokane 1
BOTTOM OF THE 6TH
Spokane Trappers batting - Pitching for Santa Monica Bruins : LHP Yasuyuki Ishii
Batting: RHB Félix Tremblay 0-0: Ground out 6-3 (Groundball, 6)
Batting: RHB Ernesto Acosta 0-0: Called Strike
0-1: Called Strike
0-2: Ball
1-2: SOLO HOME RUN (Flyball, 7LD), Distance : 361 ft
Pitching: RHP Estefan Jiménez
Batting: LHB Juan Cortés 0-0: Ball
1-0: Ball
2-0: Foul Ball, location: 2F
2-1: Foul Ball, location: 2F
2-2: Ground out 5-3 (Groundball, 5S)
Batting: RHB Pedro Guzmán 0-0: Ball
1-0: Ball
2-0: Ball
3-0: Called Strike
3-1: SINGLE (Groundball, 56D)
Batting: RHB Ramiro Ross 0-0: Swinging Strike
0-1: Ball
1-1: Ball
2-1: Swinging Strike
2-2: Ground out 5-3 (Groundball, 5)
Bottom of the 6th over - 1 run(s), 2 hit(s), 0 error(s), 1 left on base; Santa Monica 1 - Spokane 2
TOP OF THE 7TH
Santa Monica Bruins batting - Pitching for Spokane Trappers : RHP Tomás Molina
Pitching: RHP Ching-wei Zi
Batting: RHB Javier Deleón 0-0: Called Strike
0-1: DOUBLE (Line Drive, 8LD)
Pinch Hitting: LHB Germán Charfauros 0-0: Ball
1-0: Foul Ball, location: 2F
1-1: Ball
2-1: Ball
3-1: Foul Ball, location: 2F
3-2: Foul Ball, location: 2F
3-2: Base on Balls
Batting: RHB Salvador Salas 0-0: Bunted foul
0-1: Bunted foul
0-2: Foul Ball, location: 2F
0-2: Ground out U3 (Groundball, 3S)
Javier Deleón to third
Germán Charfauros to second
Batting: LHB Juan Sánchez 0-0: Called Strike
0-1: Ball
1-1: Foul Ball, location: 2F
1-2: Ball
2-2: Foul Ball, location: 2F
2-2: Ball
3-2: Base on Balls
Pinch Hitting: RHB Motoshige Yagi 0-0: Ball
1-0: Grounds into fielders choice 1-2 (Groundball, 23)
Germán Charfauros to third
Juan Sánchez to second
Batting: RHB Lorenzo Martínez 0-0: Called Strike
0-1: Foul Ball, location: 2F
0-2: Ball
1-2: Ball
2-2: Foul Ball, location: 2F
2-2: Foul Ball, location: 2F
2-2: Ball
Balk!
Germán Charfauros scores
Juan Sánchez to third
Motoshige Yagi to second
3-2: Strikes out swinging
Top of the 7th over - 1 run(s), 1 hit(s), 0 error(s), 2 left on base; Santa Monica 2 - Spokane 2
BOTTOM OF THE 7TH
Spokane Trappers batting - Pitching for Santa Monica Bruins : RHP Estefan Jiménez
Now at 1B: Motoshige Yagi
Now in LF: Germán Charfauros
Batting: RHB Mario Hernández 0-0: Ball
1-0: Called Strike
1-1: Ball
2-1: Called Strike
2-2: Ball
3-2: Strikes out swinging
Pinch Hitting: LHB Fernando Pérez 0-0: Foul Ball, location: 2F
0-1: Foul Ball, location: 2F
0-2: Strikes out swinging
Batting: RHB Guy Miller 0-0: SINGLE (Groundball, 56D)
Pinch Hitting: LHB Henry Leroux 0-0: Ball
1-0: Ball
2-0: Called Strike
2-1: Fly out, F7 (Flyball, 7M)
Bottom of the 7th over - 0 run(s), 1 hit(s), 0 error(s), 1 left on base; Santa Monica 2 - Spokane 2
TOP OF THE 8TH
Santa Monica Bruins batting - Pitching for Spokane Trappers : RHP Ching-wei Zi
Now at 2B: Keith Browne
Now at SS: Todd Rockburn
Batting: LHB Patrick Osborne 0-0: Ball
1-0: Called Strike
1-1: DOUBLE (Flyball, 78XD)
Batting: RHB Danny Crouch 0-0: Ball
1-0: Ball
2-0: Ball
3-0: Called Strike
3-1: Foul Ball, location: 2F
3-2: Ground out 3-1 (Groundball, 34)
Patrick Osborne to third
Batting: LHB Matsusuke Yamasaki 0-0: Intentional Walk
Pitching: RHP Jake Jones
Batting: RHB Javier Deleón 0-0: Ball
Matsusuke Yamasaki steals 2nd base
1-0: Foul Ball, location: 2F
1-1: Foul Ball, location: 2F
1-2: SINGLE (Flyball, 78S)
Patrick Osborne scores
Matsusuke Yamasaki to third
Runner from 3rd tries for Home, SAFE, throw made home
Javier Deleón to second
Batting: LHB Germán Charfauros 0-0: Intentional Walk
Batting: RHB Salvador Salas 0-0: Ball
1-0: Foul Ball, location: 2F
1-1: Reached on error, E1 (Groundball, 13S)
Javier Deleón to third
Germán Charfauros to second
Batting: LHB Juan Sánchez 0-0: Ball
1-0: Called Strike
1-1: Ball
2-1: Called Strike
2-2: Strikes out looking
Batting: RHB Motoshige Yagi 0-0: Ball
1-0: Ball
2-0: Foul Ball, location: 2F
2-1: Ball
3-1: Called Strike
3-2: Base on Balls
Javier Deleón scores
Germán Charfauros to third
Salvador Salas to second
Batting: RHB Lorenzo Martínez 0-0: Foul Ball, location: 2F
0-1: Hit by Pitch
Germán Charfauros scores
Salvador Salas to third
Motoshige Yagi to second
Batting: LHB Patrick Osborne 0-0: Ball
1-0: Ball
2-0: Swinging Strike
2-1: Ball
3-1: Base on Balls
Salvador Salas scores
Motoshige Yagi to third
Lorenzo Martínez to second
Pitching: LHP Miguel Martínez
Batting: RHB Danny Crouch 0-0: Ball
1-0: Called Strike
1-1: Ball
2-1: Swinging Strike
2-2: Ball
3-2: Foul Ball, location: 2F
3-2: Foul Ball, location: 2F
3-2: Foul Ball, location: 2F
3-2: Foul Ball, location: 2F
3-2: Base on Balls
Motoshige Yagi scores
Lorenzo Martínez to third
Patrick Osborne to second
Batting: LHB Matsusuke Yamasaki 0-0: Foul Ball, location: 2F
0-1: Called Strike
0-2: Strikes out looking
Top of the 8th over - 6 run(s), 2 hit(s), 1 error(s), 3 left on base; Santa Monica 8 - Spokane 2
BOTTOM OF THE 8TH
Spokane Trappers batting - Pitching for Santa Monica Bruins : RHP Estefan Jiménez
Batting: RHB Félix Tremblay 0-0: Ball
1-0: Foul Ball, location: 2F
1-1: Ball
2-1: SINGLE (Line Drive, 89S)
Pitching: RHP Ron Henningar
Batting: RHB Ernesto Acosta 0-0: Ball
1-0: Ball
2-0: Foul Ball, location: 2F
2-1: Ball
3-1: Foul Ball, location: 2F
3-2: Base on Balls
Félix Tremblay to second
Batting: LHB Juan Cortés 0-0: Ball
1-0: Foul Ball, location: 2F
1-1: Grounds into double play, 6-4-3 (Groundball, 56)
Félix Tremblay to third
Batting: RHB Pedro Guzmán 0-0: Swinging Strike
0-1: Foul Ball, location: 2F
0-2: SINGLE (Groundball, 4MD) (infield hit)
Félix Tremblay scores
Batting: RHB Ramiro Ross 0-0: Ball
1-0: Called Strike
1-1: Ball
2-1: Fly out, F8 (Flyball, 8LD)
Bottom of the 8th over - 1 run(s), 2 hit(s), 0 error(s), 1 left on base; Santa Monica 8 - Spokane 3
TOP OF THE 9TH
Santa Monica Bruins batting - Pitching for Spokane Trappers : LHP Miguel Martínez
Pitching: RHP José Ortíz
Batting: RHB Javier Deleón 0-0: Swinging Strike
0-1: Called Strike
0-2: Strikes out swinging
Batting: LHB Germán Charfauros 0-0: Swinging Strike
0-1: Foul Ball, location: 2F
0-2: Ball
1-2: SINGLE (Line Drive, 3D)
Batting: RHB Salvador Salas 0-0: Called Strike
Germán Charfauros is caught stealing 2nd base
0-1: Ball
1-1: Called Strike
1-2: Strikes out swinging
Top of the 9th over - 0 run(s), 1 hit(s), 0 error(s), 0 left on base; Santa Monica 8 - Spokane 3
BOTTOM OF THE 9TH
Spokane Trappers batting - Pitching for Santa Monica Bruins : RHP Ron Henningar
Pitching: RHP José Betancourt
Now at 1B: Bill Savage
Now at 2B: Kuniaki Kawashima
Batting: RHB Mario Hernández 0-0: Called Strike
0-1: Ball
1-1: Foul Ball, location: 2F
1-2: Foul Ball, location: 2F
1-2: Ball
2-2: Foul Ball, location: 2F
2-2: SINGLE (Line Drive, 89S)
Batting: RHB Todd Rockburn 0-0: Called Strike
0-1: Ball
1-1: Foul Ball, location: 2F
1-2: Ball
2-2: Strikes out swinging
Batting: RHB Guy Miller 0-0: Called Strike
0-1: Foul Ball, location: 2F
0-2: Foul Ball, location: 2F
0-2: Ball
1-2: SINGLE (Groundball, 5D)
Mario Hernández to second
Batting: LHB Keith Browne 0-0: Called Strike
0-1: Ball
1-1: Swinging Strike
1-2: Foul Ball, location: 2F
1-2: Foul Ball, location: 2F
1-2: Strikes out swinging
Batting: RHB Félix Tremblay 0-0: Called Strike
0-1: SINGLE (Flyball, 4MD)
Mario Hernández to third
Guy Miller to second
Batting: RHB Ernesto Acosta 0-0: Called Strike
0-1: Ground out 3-1 (Groundball, 23)
Bottom of the 9th over - 0 run(s), 3 hit(s), 0 error(s), 3 left on base; Santa Monica 8 - Spokane 3
This league is powered by Out of the Park Baseball, the baseball management simulation game for PC, Mac and Linux
Wednesday, December 2nd, 2015 - OOTP Baseball 16.8 Build 38